AoeStats
← DragonKiller6

Arabia

508981126Analyzed
1v1 RM · 6d ago on Sep 24, 2026· 63m 1s· 2 players
Game mode
Random Map
Map size
Tiny (2 player)
Population
200
Speed
Normal
Resources
Standard
Victory
Conquest
Starting age
Dark Age
Ending age
Imperial Age
RankedLock teamsTeams togetherTeam positionsShared explorationLock speedFull tech treeHidden civsTurbo modeCheats
Victory
Defeat
🇭🇺 Magyars · Hungary
1281
+15
🇨🇱 Magyars · Chile
1259
-15
Tiburón Boliviano
6:12 Loom
9:14 Feudal Age
10:14 Horse Collar
21:23 Castle Age
20:01 Fletching
20:02 Double-Bit Axe
21:06 Bloodlines
22:04 Bodkin Arrow
25:03 Padded Archer Armor
25:39 Husbandry
27:43 Leather Archer Armor
30:35 Ballistics
32:17 Elite Skirmisher
48:24 Imperial Age
46:49 Wheelbarrow
47:04 Gold Mining
48:35 Heavy Cavalry Archer
50:27 Bracer
51:52 Chemistry
52:12 Bow Saw
53:34 Ring Archer Armor
54:55 Hand Cart
55:19 Gold Shaft Mining
54:47 Town Watch
57:11 Recurve Bow
62:37 Light Cavalry
DragonKiller6
6:21 Loom
8:54 Feudal Age
16:52 Wheelbarrow
22:24 Castle Age
20:17 Double-Bit Axe
21:17 Bloodlines
21:27 Gold Mining
22:38 Fletching
23:26 Bodkin Arrow
25:38 Padded Archer Armor
32:23 Ballistics
39:58 Husbandry
44:12 Imperial Age
42:47 Bow Saw
43:02 Corvinian Army
42:56 Horse Collar
46:35 Bracer
47:52 Leather Archer Armor
47:24 Heavy Cavalry Archer
48:32 Thumb Ring
49:51 Ring Archer Armor
50:49 Conscription
50:33 Elite Magyar Huszar
51:25 Scale Barding Armor
52:07 Hoardings
52:08 Recurve Bow
53:07 Heavy Plow
53:31 Clinker Construction
53:33 Siege Engineers
53:56 Stone Mining
55:17 Two-Man Saw
55:51 Chain Barding Armor
56:42 Hand Cart
56:13 Town Watch
57:41 Parthian Tactics
57:58 Plate Barding Armor
57:34 Town Patrol
58:05 Crop Rotation
59:05 Chemistry
58:20 Masonry
59:10 Light Cavalry
60:28 Hussar
Connection lost

Rejoining the realm…

Still unreachable

The connection could not be restored.

Session expired

The server has moved on; the page needs a fresh start.